 Dungeon Crawl Stone Soup version 0.19.5 (webtiles) character file.

1116 Chifra the Cudgeler (level 8, 0/63 HPs)
             Began as a Demonspawn Gladiator on May 21, 2017.
             Was an Initiate of Kikubaaqudgha.
             Slain by a troll (13 damage)
             ... on level 6 of the Dungeon.
             The game lasted 00:22:20 (8822 turns).

Chifra the Cudgeler (Demonspawn Gladiator)          Turns: 8822, Time: 00:22:22

Health: 0/63       AC:  6    Str: 17    XL:     8   Next: 12%
Magic:  8/8        EV: 15    Int: 12    God:    Kikubaaqudgha [......]
Gold:   442        SH:  5    Dex: 20    Spells: 0 memorised, 7 levels left

rFire  + + .     SeeInvis .     q - +1 morningstar
rCold  + . .     Gourm    .     m - +2 leather armour {rF+}
rNeg   + . .     Faith    .     p - +0 buckler
rPois  .         Spirit   .     (helmet restricted)
rElec  .         Reflect  .     (no cloak)
rCorr  .         Harm     .     s - +0 pair of gloves of Qisas {rN+ Int+2 Dex+2}
MR     .....                    (boots unavailable)
Stlth  ++........               (no amulet)
                                (no ring)
                                (no ring)

@: no status effects
A: antennae 1, hooves 3, thin skeletal structure 1, agile 1, cold resistance 1,
fire resistance 1
a: Renounce Religion


You were on level 6 of the Dungeon.
You worshipped Kikubaaqudgha.
Kikubaaqudgha was noncommittal.
You were not hungry.

You visited 2 branches of the dungeon, and saw 7 of its levels.
You also visited: Sewer.

You collected 442 gold pieces.

Inventory:

Hand Weapons
 q - a +1 morningstar (weapon)
Missiles
 d - 4 throwing nets (quivered)
Armour
 c - a +0 helmet
 m - a +2 leather armour of fire resistance (worn)
 p - a +0 buckler (worn)
 s - the +0 pair of gloves of Qisas (worn) {rN+ Int+2 Dex+2}
   (You found it on level 4 of the Dungeon)

   It affects your intelligence (+2).
   It affects your dexterity (+2).
   It protects you from negative energy.
Jewellery
 e - an uncursed ring of protection from magic {unknown}
 k - an uncursed ring of ice {unknown}
 l - an uncursed ring of wizardry {unknown}
 w - an uncursed ring of flight {unknown}
Wands
 h - a wand of enslavement (5/24)
 o - a wand of hasting (1/9)
Scrolls
 g - a scroll of teleportation
 i - a scroll of amnesia
 t - a scroll of recharging
Potions
 j - 6 potions of flight
 n - a potion of ambrosia
 u - a potion of agility {unknown}
 v - a potion of heal wounds {unknown}
 x - a potion of resistance {unknown}
Comestibles
 a - 2 meat rations
 b - 4 chunks of flesh
 f - 4 bread rations
 r - 2 fruits


   Skills:
 - Level 5.5 Fighting
 - Level 5.7 Maces & Flails
 - Level 1.7 Throwing
 - Level 5.4 Dodging
 * Level 2.1 Shields


You had 7 spell levels left.
You didn't know any spells.

Dungeon Overview and Level Annotations

Branches:
Dungeon (6/15)             Temple (1/1) D:5

Altars:
Ashenzari
Cheibriados
Dithmenos
Elyvilon
Fedhas
Gozag
Hepliaklqana
Kikubaaqudgha
Makhleb
Qazlal
Ru
Trog
Vehumet
Xom
Zin
The Shining One

Annotations:
D:5 Prince Ribbit


Innate Abilities, Weirdness & Mutations

You have hooves in place of feet.
You have a somewhat thin skeletal structure. (Dex +2, Stealth)
Your flesh is cold resistant. (rC+)
You have a pair of small antennae on your head.
You are agile. (Dex +2)
Your flesh is heat resistant. (rF+)


Message History

You barely miss the troll. You kick the troll.
The troll is moderately wounded.
The troll completely misses you. The troll misses you.
The troll closely misses you.
Your shield and leather armour prevent you from hitting the troll.
Your kick misses the troll.
The troll is moderately wounded.
You block the troll's attack. The troll claws you. The troll barely misses you.
You barely miss the troll. Your kick misses the troll.
The troll is moderately wounded.
The troll bites you! The troll claws you but does no damage.
The troll barely misses you. The troll bites you! You block the troll's attack.
The troll barely misses you.
You hit the troll.
The troll is moderately wounded.
The troll completely misses you. The troll claws you!
* * * LOW HITPOINT WARNING * * *
The troll claws you!
You die...
Kikubaaqudgha rasps: "You have failed me!
Welcome... death!"

#......# #.# #.....o.o......
#......#####.# ##....#........
#......'..##.# #....#........
#......##.##o# #.)..#..%.....
#.......#.##.# #....#........
#.........##.# #....#........
#.......####.##### #....#........
#.......#<>......################
........#.......@)...............
..###'#.#....##T#########.#######
..##.........#...# #.#
..##...###...#...# ######.#
..##.... ..###.. # #....#.# ####
...##..##### ... ####.#'## #...
....#..# .... #....###...
....##.# ..≈≈ #........##
≈..≈≈#.# #....##..#.


You could see a troll.

Vanquished Creatures
  An ice beast (D:6)
  2 ogres
  A howler monkey (D:5)
  A bullfrog zombie (D:6)
  A crimson imp (D:4)
  2 hounds (D:4)
  2 orc priests
  5 orc wizards
  2 iguanas
  A siren (Sewer)
  2 worker ants (D:4)
  A merfolk avatar (Sewer)
  A worker ant zombie (D:5)
  3 gnolls (D:6)
  13 adders
  3 river rats (Sewer)
  An adder skeleton (D:5)
  5 worms
  2 dart slugs
  4 leopard geckos
  21 orcs
  9 ball pythons
  11 giant cockroaches
  10 goblins
  9 hobgoblins
  A quokka (D:4)
  5 bats
  10 frilled lizards
  A jackal skeleton (D:4)
  7 kobolds
  A quokka skeleton (D:4)
  27 rats
165 creatures vanquished.

Notes
Turn   | Place    | Note
-------+----------+-------------------------------------------
     0 | D:1      | Chifra the Demonspawn Gladiator began the quest for the Orb.
     0 | D:1      | Reached XP level 1. HP: 16/16 MP: 1/1
   434 | D:1      | Gained mutation: You have large cloven feet. [demonic ancestry]
   434 | D:1      | Reached XP level 2. HP: 20/23 MP: 2/2
   969 | D:2      | Reached XP level 3. HP: 20/28 MP: 3/3
  1120 | D:2      | Found an opulent altar of Gozag.
  1353 | D:2      | Found a shimmering altar of Xom.
  2358 | D:3      | Reached XP level 4. HP: 27/35 MP: 4/4
  2537 | D:3      | Gained mutation: You have hoof-like feet. [demonic ancestry]
  2537 | D:3      | Reached XP level 5. HP: 20/41 MP: 5/5
  2626 | D:3      | Found a glowing drain.
  2686 | Sewer    | Entered a sewer
  4320 | D:3      | Gained mutation: Your flesh is cold resistant. (rC+) [demonic ancestry]
  4320 | D:3      | Reached XP level 6. HP: 48/48 MP: 6/6
  4881 | D:4      | Found a blossoming altar of Fedhas.
  5560 | D:4      | Gained mutation: You have hooves in place of feet. [demonic ancestry]
  5560 | D:4      | Reached XP level 7. HP: 45/55 MP: 7/7
  5576 | D:4      | Got a pair of crude gloves
  5577 | D:4      | Identified the +0 pair of gloves of Qisas {rN+ Int+2 Dex+2} (You found it on level 4 of the Dungeon)
  5622 | D:4      | Reached skill level 5 in Maces & Flails
  6056 | D:5      | Entered Level 5 of the Dungeon
  6066 | D:5      | Reached skill level 5 in Fighting
  6076 | D:5      | Found a shattered altar of Ashenzari.
  6219 | D:5      | Noticed Prince Ribbit
  6221 | D:5      | Found a staircase to the Ecumenical Temple.
  6249 | D:5      | Gained mutation: You have a pair of small antennae on your head. [potion of mutation]
  6249 | D:5      | Gained mutation: You are agile. (Dex +2) [potion of mutation]
  6249 | D:5      | Gained mutation: Your flesh is heat resistant. (rF+) [potion of mutation]
  6589 | Temple   | Entered the Ecumenical Temple
  6630 | Temple   | Became a worshipper of Kikubaaqudgha
  6798 | D:4      | Reached skill level 5 in Dodging
  7793 | D:6      | Noticed a troll
  8406 | D:6      | Reached skill level 1 in Shields
  8406 | D:6      | Gained mutation: You have a somewhat thin skeletal structure. (Dex +2, Stealth) [demonic ancestry]
  8406 | D:6      | Reached XP level 8. HP: 63/63 MP: 8/8
  8822 | D:6      | Slain by a troll

Skill      XL: |  1  2  3  4  5  6  7  8 |
---------------+-------------------------+-----
Maces & Flails | 3 4 5 |  5.7
Dodging        | 3 4 5 |  5.4
Fighting       | 3 4 5 |  5.5
Shields        | 1 2 |  2.1
Throwing       | |  1.7

Action                   |  1- 3 |  4- 6 |  7- 9 || total
-------------------------+-------+-------+-------++-------
Melee: Flail             |   131 |   324 |       ||   455
       Kick              |    31 |    68 |    43 ||   142
       Morningstar       |       |       |   172 ||   172
  Use: Scroll            |     4 |     5 |    10 ||    19
       Potion            |       |     2 |     2 ||     4
  Eat: Chunk             |     4 |     8 |     9 ||    21
       Fruit             |     1 |     3 |       ||     4
       Beef jerky        |       |       |     1 ||     1
Armor: Leather armour    |    54 |    96 |    45 ||   195
       Skin              |       |    87 |       ||    87
Dodge: Dodged            |   119 |   227 |   158 ||   504
Block: Buckler           |       |       |     7 ||     7
